 Dungeon Crawl Stone Soup version 0.26-a0-651-gb41185065b (webtiles) character file.

Game seed: 5522923311237540257

248 Irenicus the Geomancer (level 5, -1/42 HPs)
             Began as a Deep Dwarf Earth Elementalist on Oct 5, 2020.
             Slain by a worker ant (3 damage)
             ... on level 4 of the Dungeon.
             The game lasted 00:13:17 (1827 turns).

Irenicus the Geomancer (DDEE)                       Turns: 1827, Time: 00:13:18

Health: -1/42      AC:  6    Str: 12    XL:     5   Next: 86%
Magic:  2/7        EV: 11    Int: 16    God:
Gold:   150        SH:  0    Dex: 13    Spells: 4/7 levels left

rFire    . . .     SeeInvis .   f - +0 dagger
rCold    . . .     Faith    .   (no shield)
rNeg     . . .     Spirit   .   n - +0 ring mail
rPois    .         Reflect  .   (no helmet)
rElec    .         Harm     .   r - +0 cloak
rCorr    .         Rampage  .   (no gloves)
MR       .....                  (no boots)
Stlth    +.........             (no amulet)
HPRegen  0.00/turn              (no ring)
MPRegen  0.10/turn              (no ring)

@: non-regenerating
A: damage resistance, heal wounds, sense surroundings 1, no regeneration
a: Heal Wounds


You were on level 4 of the Dungeon.
You visited 1 branch of the dungeon, and saw 4 of its levels.

You collected 150 gold pieces.

Inventory:

Hand Weapons
 f - a +0 dagger (weapon)
   (You found it on level 1 of the Dungeon)
Missiles
 b - 31 stones (quivered)
Armour
 n - a +0 ring mail (worn)
   (You found it on level 4 of the Dungeon)
 r - a +0 cloak (worn)
   (You found it on level 4 of the Dungeon)
Jewellery
 d - an uncursed ring of fire {rF+, rC-}
   (You found it on level 1 of the Dungeon)
Scrolls
 a - a scroll of random uselessness {unknown}
 c - a scroll of identify
 i - 2 scrolls of fear
 j - a scroll of enchant armour {unknown}
 k - 5 scrolls of teleportation
 o - 2 scrolls of remove curse
 s - a scroll of blinking {unknown}
Potions
 e - 2 potions of berserk rage {!q}
 g - 2 potions of haste
 h - a potion of might
 m - a potion of ambrosia
 q - 2 potions of curing


   Skills:
 - Level 2.1 Dodging
 - Level 2.4 Stealth
 - Level 1.7 Spellcasting
 - Level 0.8 Transmutations
 + Level 8.8 Earth Magic


You had 4 spell levels left.
You knew the following spells:

 Your Spells              Type           Power        Failure   Level
a - Sandblast             Erth           ####..       1%          1
w - Passwall              Tmut/Erth      ###.....     10%         2

Your spell library contained the following spells:

 Spells                   Type           Power        Failure   Level
 Stone Arrow              Conj/Erth      ###...       24%         3
 Petrify                  Tmut/Erth      ###.....     54%         4
 Lee's Rapid Deconstruct  Erth           ####......   34%         5


Dungeon Overview and Level Annotations

Branches:
Dungeon (4/15)
 Temple: D:4-7

Altars:
Ashenzari
Gozag


Innate Abilities, Weirdness & Mutations

You are resistant to damage.
You can heal yourself by infusing magical energy.
You passively map a small area around you.
You do not regenerate.


Message History

The worker ant is lightly wounded.
The worker ant barely misses you.
It was a potion of stabbing.
You feel ready to backstab. The worker ant bites you!
* * * LOW HITPOINT WARNING * * *
The worker ant closely misses you.
You take 5 damage, and have 2/42 hp.
It was a potion of magic.
Magic courses through your body. The worker ant bites you.
You are more poisoned.
The worker ant poisons you!
MP restored: 7
Casting: Sandblast (safe; 1% risk of failure)
Confirm with . or Enter, or press ? or * to list all spells.
Aiming: Sandblast (safe; 1% risk of failure)
Press: ? - help, Shift-Dir - straight line, f/p - worker ant
Aim: a worker ant (lightly wounded)
The blast of sand hits the worker ant!!
You kill the worker ant!
b - 29 stones You now have 6/7 mp.
Found a leather armour.
Found a stone staircase leading up.
You see here a worker ant corpse.
MP restored: 7 A leopard gecko skeleton comes into view.
There is a stone staircase leading up here.
b - 36 stones (gained 7)
Your cursed +0 leather armour is stuck to your body!
Drop what? 17/52 slots (_ for help) (? for menu, Esc to quit)
Okay, then.
As you read the scroll of remove curse, it crumbles to dust.
You feel as if something is helping you.
You start removing your armour.
You continue taking off your +0 leather armour. x4
You finish taking off your +0 leather armour.
You start putting on your armour.
You continue putting on your ring mail. x5
You finish putting on your +0 ring mail.
Drop what? 17/52 slots (_ for help) (? for menu, Esc to quit)
You drop a +0 leather armour.
You remove your ring of fire {rF+, rC-}.
You start waiting.
You are no longer poisoned.
You start waiting.
You feel less ready to backstab.
You now have 150 gold pieces (gained 8).
You see here a scroll of identify.
You see here a scroll of identify.
c - a scroll of identify
Casting: Sandblast (safe; 1% risk of failure)
Confirm with . or Enter, or press ? or * to list all spells.
Aiming: Sandblast (safe; 1% risk of failure)
Press: ? - help, Shift-Dir - straight line, f - leopard gecko skeleton
Aim: a leopard gecko skeleton (wandering, hasn't noticed you)
The blast of sand hits the leopard gecko skeleton!
You destroy the leopard gecko skeleton!
b - 35 stones You now have 6/7 mp.
Casting: Sandblast (safe; 1% risk of failure)
Confirm with . or Enter, or press ? or * to list all spells.
You can't see any susceptible monsters within range! (Use Z to cast anyway.)
A worker ant comes into view.
The worker ant twitches its antennae in your direction.
Casting: Sandblast (safe; 1% risk of failure)
Confirm with . or Enter, or press ? or * to list all spells.
Aiming: Sandblast (safe; 1% risk of failure)
Press: ? - help, Shift-Dir - straight line, f - worker ant
Aim: a worker ant The blast of sand hits the worker ant but does no damage.
b - 34 stones
Casting: Sandblast (safe; 1% risk of failure)
Confirm with . or Enter, or press ? or * to list all spells.
Aiming: Sandblast (safe; 1% risk of failure)
Press: ? - help, Shift-Dir - straight line, f/p - worker ant
Aim: a worker ant The blast of sand hits the worker ant!
The worker ant is heavily wounded.
b - 33 stones The worker ant bites you but does no damage.
You now have 4/7 mp.
Casting: Sandblast (safe; 1% risk of failure)
Confirm with . or Enter, or press ? or * to list all spells.
Aiming: Sandblast (safe; 1% risk of failure)
Press: ? - help, Shift-Dir - straight line, f/p - worker ant
Aim: a worker ant (heavily wounded)
The blast of sand hits the worker ant!
The worker ant is almost dead.
b - 32 stones The worker ant barely misses you.
You now have 3/7 mp.
Casting: Sandblast (safe; 1% risk of failure)
Confirm with . or Enter, or press ? or * to list all spells.
Aiming: Sandblast (safe; 1% risk of failure)
Press: ? - help, Shift-Dir - straight line, f/p - worker ant
Aim: a worker ant (almost dead)
The blast of sand hits the worker ant but does no damage.
The worker ant is almost dead.
b - 31 stones The worker ant bites you.
You die...

##.......................
..#
###...........##......##..
##.#
#............##.......#*#..
##.
#.....................## ..
,..
##.#..#................. ,
.. #.#..##..†.....#.###..#.
.. **#....#.......###....#
.. ##.###.<............# ..
## ##......@a..#..* , *.#
##.........##
#............. , ,
###..#.....##.. ,
#............ . ###
###........... , ,
##.######..........# ,
##..#.##.....##......
##........†....#.... *


You could see a worker ant.

Vanquished Creatures
  A worker ant (D:4)
  Terence (D:3)
  2 gnolls (D:4)
  7 adders
  3 oozes
  An adder skeleton (D:4)
  3 worms (D:2)
  A dart slug (D:2)
  2 leopard geckos (D:2)
  9 bats
  6 giant cockroaches
  5 goblins
  6 hobgoblins
  20 jackals
  A quokka (D:2)
  5 frilled lizards
  10 kobolds
  A leopard gecko skeleton (D:4)
  3 rats
87 creatures vanquished.

Notes
Turn   | Place    | Note
-------+----------+-------------------------------------------
     0 | D:1      | Irenicus the Deep Dwarf Earth Elementalist began the quest
                  | for the Orb.
     0 | D:1      | Reached XP level 1. HP: 15/15 MP: 3/3
   175 | D:2      | Reached XP level 2. HP: 22/22 MP: 2/4
   181 | D:1      | Reached skill level 5 in Earth Magic
   297 | D:1      | Reached XP level 3. HP: 24/28 MP: 3/5
   408 | D:1      | Reached skill level 6 in Earth Magic
   633 | D:2      | Reached XP level 4. HP: 28/36 MP: 1/6
   724 | D:2      | Reached skill level 7 in Earth Magic
   834 | D:2      | Learned a level 2 spell: Passwall
   892 | D:2      | Found an opulent altar of Gozag.
   892 | D:2      | Found a broken altar of Ashenzari.
  1243 | D:3      | Reached XP level 5. HP: 26/42 MP: 2/7
  1319 | D:3      | Noticed Terence
  1331 | D:3      | HP: 5/42 [Terence/+0 trident (7)]
  1345 | D:3      | Killed Terence
  1363 | D:3      | Found a faded altar of an unknown god.
  1405 | D:3      | Reached skill level 8 in Earth Magic
  1734 | D:4      | HP: 7/42 [worker ant (5)]
  1737 | D:4      | HP: 2/42 [worker ant (5)]
  1827 | D:4      | Slain by a worker ant

Illustrated notes

Levels and vault maps discovered:
D:1:      minmay_arrival_open_corners, layout_loops_corners, minivault_14
D:2:      layout_rooms, gammafunk_temple_overflow_elements, st_stairs_5
D:3:      layout_basic, chequers_ecumenical_altar_grove, uniq_terence
D:4:      lemuel_castle_with_subvaults [lemuel_castle_interior_carwin_1],
          layout_cave_pools, minmay_close_crescents

Skill      XL: |  1  2  3  4  5 |
---------------+----------------+-----
Earth Magic    | 5 6 7 8 |  8.8
Dodging        | |  2.1
Stealth        | |  2.4
Spellcasting   | |  1.7
Transmutations | |  0.8

Action                   |  1- 3 |  4- 6 || total
-------------------------+-------+-------++-------
Melee: Dagger            |    10 |    29 ||    39
Throw: Dart              |       |    13 ||    13
       Javelin           |       |     3 ||     3
 Cast: Sandblast         |    42 |    67 ||   109
       Passwall          |       |    13 ||    13
  Use: Scroll            |       |     6 ||     6
       Potion            |       |     6 ||     6
 Stab: Sleeping          |     3 |       ||     3
Armor: Robe              |     4 |     8 ||    12
       Leather armour    |       |     2 ||     2
       Ring mail         |       |     1 ||     1
Dodge: Dodged            |    19 |    37 ||    56

Table legend: (Time is in decaauts)
 A = Elapsed time spent in this place.
 B = Non-inter-level travel time spent in this place.
 C = Inter-level travel time spent in this place.
 D = Time resting spent in this place.
 E = Time spent auto-exploring this place.
 F = Levels seen in this place.
 G = Mean time per level.
                   A        B        C        D        E       F      G
               +--------+--------+--------+--------+--------+-----+--------+
         Total |   1822 |   1822 |      0 |     32 |      0 |   4 |  455.5 |
       Dungeon |   1822 |   1822 |      0 |     32 |      0 |   4 |  455.5 |
               +--------+--------+--------+--------+--------+-----+--------+

Top non-repeatable levels by time:
     D:1: 577 daAuts
     D:3: 468 daAuts
     D:2: 431 daAuts
     D:4: 344 daAuts

Table legend:
 A = Kills in this place as a percentage of kills in entire the game.
 B = Kills by you in this place as a percentage of kills by you in the entire game.
 C = Kills by friends in this place as a percentage of kills by friends in the entire game.
 D = Other kills in this place as a percentage of other kills in the entire game.
 E = Experience gained in this place as a percentage of experience gained in the entire game.
 F = Experience gained in this place divided by the number of levels of this place that you have seen.
                   A       B       C       D       E      F
               +-------+-------+-------+-------+-------+----------------------
         Total | 100.0 | 100.0 |   N/A |   N/A | 100.0 |  88.8
       Dungeon | 100.0 | 100.0 |   N/A |   N/A | 100.0 |  88.8
               +-------+-------+-------+-------+-------+----------------------
